 Dungeon Crawl Stone Soup version 0.16-a0-3212-g68818ff (webtiles) character file.

217 Johnny the Bolt Thrower (level 5, -3/41 HPs)
             Began as a Mummy Hunter on Dec 19, 2014.
             Was a Follower of Trog.
             Slain by Grinder (7 damage)
             ... on level 3 of the Dungeon.
             The game lasted 00:04:20 (2468 turns).

Johnny the Bolt Thrower (Mummy Hunter)              Turns: 2468, Time: 00:04:20

Health: -3/41      AC:  6    Str: 15    XL:     5   Next: 61%
Magic:  5/5        EV: 12    Int: 10    God:    Trog [*.....]
Gold:   69         SH:  0    Dex: 13    Spells: 0 memorised, 4 levels left

rFire  x . .     SeeInvis .     b - +1 hand crossbow
rCold  + . .     Clarity  .     d - +0 leather armour
rNeg   + + +     SustAb   .     (no shield)
rPois  ∞         Gourm    .     (no helmet)
rElec  .         Spirit   .     f - +2 cloak
rCorr  .         Warding  .     (no gloves)
rMut   .         Stasis   .     (no boots)
MR     .....                    (no amulet)
Stlth  +.........               (no ring)
                                (no ring)

@: confused, not resistant to hostile enchantments, very unstealthy
A: no food or potions, fire vulnerability, restore body, cold resistance 1,
negative energy resistance 3, poison resistance, torment resistance, unbreathing
a: Burn Spellbooks, Renounce Religion


You were on level 3 of the Dungeon.
You worshipped Trog.
Trog was aware of your devotion.
You were not hungry.

You visited 1 branch of the dungeon, and saw 3 of its levels.

You collected 69 gold pieces.

Inventory:

Hand weapons
 a - a +0 short sword
 b - a +1 hand crossbow (weapon)
Missiles
 c - 18 bolts (quivered)
Armour
 d - a +0 leather armour (worn)
 f - a +2 cloak (worn)
 j - a cursed +0 ring mail
Jewellery
 l - an uncursed amulet of clarity {unknown}
Magical devices
 m - a wand of slowing (0)
Scrolls
 e - 2 scrolls of identify {unknown}
 g - a scroll of random uselessness {unknown}
 h - a scroll of recharging {unknown}
 i - a scroll of teleportation {unknown}
 k - 2 scrolls of remove curse {unknown}


   Skills:
 + Level 3.1 Fighting
 * Level 4.4 Crossbows
 + Level 1.7 Armour
 + Level 2.6 Dodging
 - Level 0.7 Stealth


You had 4 spell levels left.
You didn't know any spells.

Dungeon Overview and Level Annotations

Branches:
Dungeon (3/15)

Altars:
Fedhas
Trog

Annotations:
D:3 Grinder


Innate Abilities, Weirdness & Mutations

You do not eat or drink.
Your flesh is vulnerable to fire.
Your flesh is cold resistant.
You are immune to negative energy.
Your system is resistant to poisons.
You are immune to unholy pain and torment.
You can survive without breathing.


Message History

You bump into the rock wall.
Grinder closely misses you.
You're too confused to move!
Grinder zaps a wand.
You resist with significant effort.
You bump into the rock wall.
Grinder grins, showing sharp teeth.
Grinder hits you but does no damage.
You bump into the rock wall.
Grinder zaps a wand.
Your will is overpowered!
You are more confused.
Grinder zaps a wand.
Your will is overpowered!
You are more confused.
Grinder gestures.
Grinder blinks!
Grinder zaps a wand.
Your will is overpowered!
You are more confused.
You bump into the rock wall.
You closely miss Grinder.
Grinder is lightly wounded.
Grinder says, "Don't move a muscle."
Grinder hits you!
You die...

.......# #.........# ..)....#
#..._..... ### .......# #(.......
#... ####.### #....... ##.... #.#
####### ##..#.. ####.# #..##..
.....# #..###.
###########################..###.
..............(5@.........#..####
#########################....##
#...## #..## ####


You could see Grinder.

Vanquished Creatures
  The ghost of RobertPalmer the Charlatan, an average OpAr (D:3)
  Natasha (D:3)
  2 adders
  3 giant geckos
  2 oozes (D:2)
  3 ball pythons
  9 goblins
  6 hobgoblins
  10 bats
  3 giant newts (D:1)
  7 kobolds
  12 rats
59 creatures vanquished.

Notes
Turn   | Place    | Note
--------------------------------------------------------------
     0 | D:1      | Johnny, the Mummy Hunter, began the quest for the Orb.
     0 | D:1      | Reached XP level 1. HP: 16/16 MP: 1/1
   296 | D:1      | Reached XP level 2. HP: 22/22 MP: 2/2
  1015 | D:2      | Reached XP level 3. HP: 28/28 MP: 3/3
  1052 | D:2      | Found a bloodstained altar of Trog.
  1097 | D:2      | Became a worshipper of Trog the Wrathful
  1788 | D:3      | Reached skill level 1 in Armour
  1788 | D:3      | Reached XP level 4. HP: 26/34 MP: 4/4
  2097 | D:3      | Noticed RobertPalmer's ghost (average OpAr)
  2120 | D:3      | Killed RobertPalmer's ghost
  2120 | D:3      | Reached skill level 4 in Crossbows
  2120 | D:3      | Reached XP level 5. HP: 29/41 MP: 5/5
  2283 | D:3      | Noticed Natasha
  2286 | D:3      | Killed Natasha
  2301 | D:3      | Found a blossoming altar of Fedhas.
  2306 | D:3      | Acquired Trog's first power
  2399 | D:3      | Noticed Grinder
  2399 | D:3      | Paralysed by Grinder for 5 turns
  2425 | D:3      | Paralysed by Grinder for 2 turns
  2430 | D:3      | Paralysed by Grinder for 7 turns
  2448 | D:3      | Paralysed by Grinder for 6 turns
  2454 | D:3      | HP: 2/41 [Grinder (7)]
  2468 | D:3      | Slain by Grinder

Action                   |  1- 3 |  4- 6 || total
-------------------------+-------+-------++-------
Melee: Hand crossbow     |       |     3 ||     3
 Fire: Hand crossbow     |   122 |    29 ||   151
Evoke: Wand              |       |     2 ||     2
